[Event "Live Chess"]
[Site "Chess.com"]
[Date "2024.06.02"]
[Round "-"]
[White "Delacorta"]
[Black "Tatarinov_Maxim"]
[Result "0-1"]
[WhiteElo "1514"]
[BlackElo "2281"]
[TimeControl "300"]
[EndTime "23:13:44 PDT"]
[Termination "Tatarinov_Maxim won by resignation"]

1. d4 Nf6 2. Nf3 g6 3. e3 Bg7 4. c4 O-O 5. Nc3 c5 6. h4 cxd4 7. exd4 d5 8. h5 Bg4 9. hxg6 hxg6 10. cxd5 Nxd5 11. Be2 Nc6 12. Bh6 Bxh6 13. Rxh6 Kg7 14. Rh4 Bxf3 15. Bxf3 Nxc3 16. bxc3 Rh8 17. Rxh8 Qxh8 18.
g3 Rc8 19. Qe2 Qd8 20. Rb1 b6 21. Bxc6 Rxc6 22. Qe5+ Kg8 23. Kd2 Re6 24. Qg5 Qa8 25. d5 Rf6 26. f4 Rf5 27. Qxe7 Qxd5+ 28. Kc2 Qxa2+ 29. Rb2 Qa4+ 30. Rb3 Rd5 31. Qb4 Qd7 32. Kb2 Rd1 33. Qe4 Qd2+ 34. Qc2 Qd6 35. Rb4 Rd2 0-1

[Event "Live Chess"]
[Site "Chess.com"]
[Date "2024.06.02"]
[Round "-"]
[White "MagnersCarlsberg2870"]
[Black "KyryloPoluliakh"]
[Result "1-0"]
[WhiteElo "1827"]
[BlackElo "1515"]
[TimeControl "300"]
[EndTime "23:13:46 PDT"]
[Termination "MagnersCarlsberg2870 won by checkmate"]

1. d4 Nf6 2. Nf3 g6 3. Nc3 Bg7 4. e4 d6 5. h3 O-O 6. Bc4 Nc6 7. Qe2 e5 8. dxe5 Nxe5 9. Nxe5 dxe5 10. Bg5 Qd6 11. Rd1 Qb6 12. O-O Be6 13. b3 Bxc4 14. Qxc4 Rfd8 15. Nd5 Qc6 16. Ne7+ Kh8 17. Nxc6 Rxd1 18.
Rxd1 bxc6 19. Qxc6 Rf8 20. Bxf6 Bxf6 21. Qxf6+ Kg8 22. Rd8 Rxd8 23. Qxd8+ Kg7 24. Qxc7 h5 25. Qxe5+ f6 26. Qe7+ Kh6 27. c4 a5 28. c5 a4 29.
c6 axb3 30. axb3 f5 31. c7 fxe4 32. c8=Q e3 33. Qh8# 1-0

[Event "Live Chess"]
[Site "Chess.com"]
[Date "2024.06.02"]
[Round "-"]
[White "juniortay"]
[Black "ProfPoisson"]
[Result "1-0"]
[WhiteElo "2407"]
[BlackElo "1273"]
[TimeControl "300"]
[EndTime "23:14:10 PDT"]
[Termination "juniortay won by checkmate"]

1. e4 e5 2. Nc3 Nf6 3. f4 d5 4.
fxe5 Nxe4 5. d3 Nxc3 6. bxc3 Nc6 7. Nf3 Bg4 8. d4 Nxd4 9. cxd4 Bxf3 10. gxf3 Qh4+ 11. Ke2 O-O-O 12. Be3 f6 13. Qe1 Qh5 14. Qg3 Qe8 15. f4 Qb5+ 16. Kf2 Qb2 17. Bd3 fxe5 18.
fxe5 Bb4 19. Kg2 h5 20. Rab1 Qa3 21. Rb3 h4 22. Qh3+ Kb8 23. Rxa3 Bxa3 24. Rf1 g5 25. Rf7 g4 26. Qxg4 Rhg8 27. Rg7 Rgf8 28. e6 Rde8 29. Bf5 a5 30. Bf4 Bd6 31. Bxd6 cxd6 32. e7 Rf7 33.
Rxf7 h3+ 34. Kxh3 b5 35. Rf8 Rc8 36. Rxc8+ Kb7 37. e8=Q b4 38. Qc6+ Ka7 39. Ra8# 1-0

[Event "Live Chess"]
[Site "Chess.com"]
[Date "2024.06.02"]
[Round "-"]
[White "nigelst"]
[Black "JanMur7"]
[Result "0-1"]
[WhiteElo "1734"]
[BlackElo "2295"]
[TimeControl "300"]
[EndTime "23:15:04 PDT"]
[Termination "JanMur7 won by resignation"]

1. e4 g6 2. d4 Bg7 3. Nc3 c5 4. Be3 cxd4 5. Bxd4 Nf6 6. Nf3 d6 7. e5 dxe5 8. Bxe5 O-O 9. Qxd8 Rxd8 10. Bd3 Nc6 11. Bg3 Nb4 12. O-O-O Nxd3+ 13. Rxd3 Rxd3 14. cxd3 b6 15. Re1 e6 16. Nb5 Bb7 17. Kb1 Nd5 18. Nd6 Ba6 19. d4 Bd3+ 20. Ka1 Nb4 21. a3 Nc2+ 22. Ka2 Nxe1 23. Nxe1 Bf1 24. Nf3 Bxg2 25.
Ne5 Bxe5 26. dxe5 Bd5+ 27. b3 a6 28. f4 b5 29. Bf2 Rd8 30. Bc5 Rd7 31. Kb2 Rc7 32.
b4 h5 33. Ne8 Rc8 34. Nf6+ Kg7 35. Nd7 Bc6 36. Nf6 Rd8 37. Bd6 Rxd6 38. Nxh5+ gxh5 39. exd6 Kf6 40. Kc3 e5 41. fxe5+ Kxe5 0-1

[Event "Live Chess"]
[Site "Chess.com"]
[Date "2024.06.02"]
[Round "-"]
[White "febray_27"]
[Black "McFim"]
[Result "1-0"]
[WhiteElo "2048"]
[BlackElo "1700"]
[TimeControl "300"]
[EndTime "23:15:21 PDT"]
[Termination "febray_27 won by resignation"]

1. Nf3 d5 2. d4 Nf6 3. g3 Bf5 4. Bg2 e6 5. O-O c6 6. c4 Be7 7. Nc3 h6 8. b3 a6 9. Bb2 O-O 10. Rc1 Nbd7 11. Re1 Ne4 12. Nxe4 Bxe4 13. cxd5 exd5 14.
Bh3 Bb4 15. Bc3 Ba3 16. Ra1 Qf6 17. Bxd7 1-0

[Event "Live Chess"]
[Site "Chess.com"]
[Date "2024.06.02"]
[Round "-"]
[White "booktrunk"]
[Black "WilliamofOrange16th"]
[Result "0-1"]
[WhiteElo "1537"]
[BlackElo "1979"]
[TimeControl "300"]
[EndTime "23:15:24 PDT"]
[Termination "WilliamofOrange16th won by checkmate"]

1. d4 Nf6 2. Nc3 d5 3. Bf4 c6 4. e3 Bf5 5. Bd3 Bxd3 6. cxd3 e6 7. Nf3 Bd6 8. Bxd6 Qxd6 9. Ne5 Nbd7 10. Nxd7 Nxd7 11. O-O O-O 12. Qf3 e5 13. dxe5 Nxe5 14. Qf4 Rae8 15. d4 Nc4 16. Qxd6 Nxd6 17. Rae1 f5 18. b3 Re7 19. Na4 b6 20. Nc3 Rfe8 21.
h3 f4 22. Nd1 fxe3 23. Rxe3 Rxe3 24. fxe3 Ne4 25. Re1 Rf8 26. Rf1 Rxf1+ 27. Kxf1 Kf7 28. Ke2 Ke6 29. Kf3 h5 30. a3 a5 31. g4 Nd2+ 32. Kf4 hxg4 33. hxg4 Nxb3 34. Nc3 Nd2 35. Na4 b5 36. Nc5+ Ke7 37. Ke5 Nc4+ 38. Kf4 Nxa3 39.
e4 dxe4 40. Kxe4 a4 41. d5 Kd6 42. Nb7+ Kc7 43. dxc6 Kxc6 44. Nd8+ Kd6 45. Nb7+ Ke6 46.
Nc5+ Kf6 47. Kd3 Ke5 48. Nd7+ Kf4 49. Nc5 Kxg4 50. Kc3 Nb1+ 51. Kb4 a3 52. Nb3 Kf3 53. Kxb5 a2 54. Kc4 g5 55. Kd3 g4 56. Nd4+ Kf2 57.
Nc2 g3 58. Kc4 g2 59. Kb3 a1=Q 60. Nxa1 g1=Q 61. Kb2 Nd2 62. Nc2 Qg7+ 63. Kc1 Qc3 64. Kd1 Nf3 65. Kc1 Nd4 66. Kb1 Qxc2+ 67. Ka1 Nb3# 0-1

[Event "Live Chess"]
[Site "Chess.com"]
[Date "2024.06.02"]
[Round "-"]
[White "Isambard_Thomas"]
[Black "matt1979"]
[Result "1-0"]
[WhiteElo "2152"]
[BlackElo "1377"]
[TimeControl "300"]
[EndTime "23:15:26 PDT"]
[Termination "Isambard_Thomas won on time"]

1. d4 e6 2. Nf3 f5 3. Bg5 Nf6 4. e3 b6 5. Bd3 Bb7 6. Nbd2 Be7 7. h4 h6 8. Bf4 d6 9. c3 O-O 10. Qb3 d5 11. Ne5 Nbd7 12. Ndf3 Nxe5 13. Nxe5 Bd6 14. Ng6 Rf7 15. Be5 Bxe5 16. Nxe5 Ne4 17. Nxf7 Kxf7 18. Bxe4 fxe4 19. Qd1 Qf6 20. Qg4 Kg8 21. Kf1 Rf8 22. Qg3 Ba6+ 23. Ke1 Qf5 24. Rc1 Qh5 25. Rc2 Bd3 26. Rd2 Rf6 27. Qxc7 Qg4 28. Qg3 Qf5 29. Kd1 Rg6 30. Qh3 Qh5+ 31. Kc1 b5 32. Rg1 Be2 33. Qh2 a6 34. Qd6 e5 35. Qxe5 Qxh4 36. Rxe2 Kh7 37. Qxd5 Qh2 38. Rge1 Rxg2 39. Qxe4+ g6 40.
Qe7+ Kg8 41. Qe8+ Kh7 42. Qd7+ 1-0

[Event "Live Chess"]
[Site "Chess.com"]
[Date "2024.06.02"]
[Round "-"]
[White "Ocelot32"]
[Black "Greenbecker"]
[Result "0-1"]
[WhiteElo "1373"]
[BlackElo "1713"]
[TimeControl "300"]
[EndTime "23:16:00 PDT"]
[Termination "Greenbecker won by resignation"]

1. e4 Nc6 2. Nf3 d6 3. Bc4 e6 4. d4 Nf6 5. Nc3 Be7 6. O-O O-O 7. Re1 b6 8. Bf4 Bb7 9. e5 dxe5 10. dxe5 Qxd1 11.
Raxd1 Nh5 12. Be3 g6 13. Rd7 Rac8 14. Nb5 a6 15. Nbd4 Nxd4 16. Nxd4 Rfe8 17. Rd1 c5 18. Ne2 Bc6 19. Ra7 b5 20. Bd3 c4 21. Bxc4 bxc4 22. Nf4 Nxf4 23. Bxf4 Bb5 24. Bh6 Bf8 25.
Bg5 Bg7 26. b3 Bxe5 27. a4 cxb3 28. axb5 bxc2 29. Rc1 Bb2 30. Rb1 0-1

[Event "Live Chess"]
[Site "Chess.com"]
[Date "2024.06.02"]
[Round "-"]
[White "JohanKjeldahl"]
[Black "Dhaydon19"]
[Result "0-1"]
[WhiteElo "1856"]
[BlackElo "2676"]
[TimeControl "300"]
[EndTime "23:16:18 PDT"]
[Termination "Dhaydon19 won by resignation"]

1. c4 c6 2. Nc3 d5 3. d4 Nf6 4.
Nf3 e6 5. Bg5 Be7 6. e3 Nbd7 7.
Bd3 O-O 8. Qc2 h6 9. Bxf6 Nxf6 10. O-O Bd6 11. Rac1 Qe7 12. Ne2 Bd7 13. Ng3 Rac8 14. b3 Ng4 15. Qb2 Ba3 16. Qc2 Bxc1 17. Rxc1 f5 18.
Ne5 Nxe5 19. dxe5 f4 20. exf4 Rxf4 21. Qd2 Rcf8 22. Rf1 Qc5 23. Nh5 Rg4 24. Be2 Qd4 25. Qc2 Rg5 26. Ng3 Rxe5 27. Bf3 Be8 28. cxd5 exd5 0-1

[Event "Live Chess"]
[Site "Chess.com"]
[Date "2024.06.02"]
[Round "-"]
[White "booktrunk"]
[Black "matt1979"]
[Result "0-1"]
[WhiteElo "1526"]
[BlackElo "1388"]
[TimeControl "300"]
[EndTime "23:17:04 PDT"]
[Termination "matt1979 won by checkmate"]

1. d4 e6 2. Nc3 Bb4 3. Bd2 f5 4.
a3 Bxc3 5. Bxc3 Nf6 6. Nf3 O-O 7. e3 Ne4 8. Bb4 d6 9. Nd2 b6 10. Nxe4 fxe4 11. Be2 Qh4 12. Bd2 Qxf2# 0-1

[Event "Live Chess"]
[Site "Chess.com"]
[Date "2024.06.02"]
[Round "-"]
[White "Bradfield133"]
[Black "vincents82"]
[Result "1-0"]
[WhiteElo "1884"]
[BlackElo "2027"]
[TimeControl "300"]
[EndTime "23:17:22 PDT"]
[Termination "Bradfield133 won on time"]

1. c4 c6 2. Qa4 Nf6 3. g3 g6 4. Bg2 Bg7 5. Nf3 O-O 6. O-O d5 7. d3 Bg4 8. Nbd2 Nbd7 9. h3 Bxf3 10. Nxf3 e6 11. Rb1 Nc5 12. Qc2 Nfd7 13. b4 Na6 14. e4 Qe7 15. exd5 cxd5 16. a3 Rac8 17. Qe2 dxc4 18. dxc4 Rfd8 19. Bg5 Bf6 20. Be3 b6 21. Nd4 Nc7 22. Nc6 Qf8 23. Nxd8 Qxd8 24. Rfd1 Qe7 25. Bf4 e5 26. Bc1 Ne6 27. Bb2 Re8 28. Bc6 Nef8 29.
Rd2 Rc8 30. Bd5 Ne6 31. Rbd1 Ndf8 32. Bxe5 Bxe5 33. Qxe5 Nd7 34. Qe2 Ndf8 35. Re1 Qf6 36. Qe5 Qxe5 37. Rxe5 Rd8 38. Ree2 Rc8 39. Rc2 Kg7 40.
Rcd2 Kf6 41. Bxe6 Nxe6 42. Rd7 Rxc4 43. Rxa7 Nd4 44. Ree7 Nf3+ 45. Kg2 Ne1+ 46. Rxe1 Rc3 47. Ree7 h5 48. Rxf7+ Ke5 49. Rae7+ Kd4 50. Rf6 Rxa3 51. Rxb6 Kc4 52. Rxg6 Kxb4 53. Rg5 Kc3 54. Re4 Kd3 55. Rh4 Ra8 56. Rhxh5 Ke4 57. Re5+ Kd4 58. Rd5+ Kc4 59. Rc5+ Kd4 60. Rhd5+ Ke4 61. h4 Ra6 62. h5 Rb6 63.
g4 Ra6 64. g5 Ra7 65. g6 Rb7 66. h6 Rb6 67. g7 Rg6+ 68. Kf1 Kf3 69. Rf5+ Ke4 70.
Rce5+ Kd4 71. Rg5 Rxh6 72. g8=Q Rd6 73. Kg2 Kc3 74. Rc5+ Kb4 75. Rb5+ Kc3 76. Ra5 1-0

[Event "Live Chess"]
[Site "Chess.com"]
[Date "2024.06.02"]
[Round "-"]
[White "Duke_of_Bebington"]
[Black "elephantgerrald"]
[Result "1-0"]
[WhiteElo "1659"]
[BlackElo "806"]
[TimeControl "300"]
[EndTime "23:18:35 PDT"]
[Termination "Duke_of_Bebington won by checkmate"]

1. e4 e5 2. Nf3 Nc6 3. Bc4 Nf6 4. O-O Bc5 5. c3 O-O 6. d4 exd4 7. cxd4 Nxe4 8. dxc5 Nxc5 9. Be3 d6 10. Bxc5 dxc5 11. Qxd8 Rxd8 12. Nc3 Nb4 13. Rad1 Bg4 14. Bxf7+ Kxf7 15.
Ne5+ Kf6 16. Nxg4+ Kg5 17. h3 h5 18. Ne5 Rxd1 19.
Rxd1 Kf5 20. Nf3 Re8 21. a3 Nc2 22. Nd5 c6 23. Nc3 g5 24. Kf1 g4 25. hxg4+ hxg4 26.
Ng1 Nd4 27. Nge2 Nc2 28. Rd2 Na1 29. Ng3+ Kg5 30. Nce4+ Kg6 31. Nxc5 b6 32. Nce4 Nb3 33.
Rd6+ Kg7 34. Rxc6 Nd4 35. Rc7+ Kg6 36. Rxa7 b5 37. Rd7 Nc2 38. Rd6+ Kf7 39. Ng5+ Ke7 40. Re6+ Kd7 41. Rxe8 Kxe8 42. N3e4 b4 43. axb4 Nxb4 44. Nf6+ Ke7 45. Nxg4 Nd3 46. b3 Kd6 47. Ne3 Ke5 48.
Nf3+ Ke4 49. Nd2+ Kd4 50. Nec4 Kc3 51. g3 Nb4 52. f4 Kd4 53. Kg2 Kd5 54. Kf3 Ke6 55. g4 Kf6 56. g5+ Kg7 57. Kg4 Nd5 58. f5 Nf6+ 59. gxf6+ Kf7 60. b4 Kf8 61. b5 Kf7 62. b6 Kxf6 63. b7 Kg7 64. b8=Q Kf6 65. Qd6+ Kg7 66. Qg6+ Kf8 67. Ne4 Ke7 68. Qf6+ Kd7 69.
Qd6+ Ke8 70. Nf6+ Kf7 71. Qe6+ Kg7 72. Ne8+ Kh8 73. Qf6+ Kh7 74. Qg7# 1-0

[Event "Live Chess"]
[Site "Chess.com"]
[Date "2024.06.02"]
[Round "-"]
[White "Ziipyyy"]
[Black "Tatarinov_Maxim"]
[Result "0-1"]
[WhiteElo "1317"]
[BlackElo "2281"]
[TimeControl "300"]
[EndTime "23:18:55 PDT"]
[Termination "Tatarinov_Maxim won by resignation"]

1. e4 c5 2. b3 d6 3. Bb2 e5 4. Nc3 g6 5. Bc4 Bg7 6. Nd5 Ne7 7. Qf3 O-O 8. Nf6+ Kh8 9. O-O-O Nd7 10. Nxd7 Bxd7 11.
Nh3 f5 12. Ng5 Nc6 13. Nf7+ Rxf7 14. Bxf7 Nd4 15. Bxd4 cxd4 16. Bd5 Bc6 17. Bxc6 bxc6 18. exf5 gxf5 19. Qxf5 a5 20. h4 a4 21. h5 axb3 22.
axb3 Qa5 23. d3 Qc3 0-1

[Event "Live Chess"]
[Site "Chess.com"]
[Date "2024.06.02"]
[Round "-"]
[White "JoeyCage"]
[Black "KeithArkell"]
[Result "1/2-1/2"]
[WhiteElo "2396"]
[BlackElo "2422"]
[TimeControl "300"]
[EndTime "23:18:57 PDT"]
[Termination "Game drawn - insufficient material"]

1. e4 c6 2. d4 d5 3. e5 c5 4.
dxc5 Nc6 5. a3 a5 6. Bb5 e6 7. Be3 Bd7 8. Bxc6 Bxc6 9. Nf3 Ne7 10. O-O Nf5 11. Bd4 Nxd4 12. Qxd4 a4 13. Rd1 Qa5 14. c4 Qxc5 15. Qxc5 Bxc5 16. cxd5 Bxd5 17. Nc3 Bxf3 18. gxf3 Ke7 19. Rac1 b6 20. Ne4 Rhd8 21. Rxd8 Rxd8 22. Nxc5 bxc5 23. Rxc5 Rd2 24. Rc7+ Ke8 25. Rc4 Rxb2 26. Rxa4 g5 27. h3 Kf8 28. f4 h6 29. fxg5 hxg5 30.
Kg2 Kg7 31. Kg3 Ra2 32. Ra7 Kg6 33. a4 Ra3+ 34. f3 Re3 35. Ra5 Kf5 36. Kf2 Ra3 37. Ra7 Kxe5 38. Rxf7 Rxa4 39. Kg3 Rb4 40. Rf8 Rb1 41. Rf7 Rg1+ 42. Kf2 Rh1 43. Kg2 Ra1 44. Kg3 Kd4 45. Rg7 Ke3 46. Rxg5 Rg1+ 47.
Kh4 Rxg5 48. Kxg5 Kxf3 49. Kf6 Kg3 50. Kxe6 Kxh3 1/2-1/2

[Event "Live Chess"]
[Site "Chess.com"]
[Date "2024.06.02"]
[Round "-"]
[White "RockTroll"]
[Black "RichardABates"]
[Result "1-0"]
[WhiteElo "2198"]
[BlackElo "2353"]
[TimeControl "300"]
[EndTime "23:20:57 PDT"]
[Termination "RockTroll won on time"]

1. e4 c5 2. c3 d6 3. d4 Nf6 4.
Bd3 Nc6 5. Nf3 e5 6. d5 Ne7 7.
h3 Ng6 8. c4 Be7 9. Nc3 O-O 10.
g4 Nf4 11. Bxf4 exf4 12. Qd2 Nd7 13. Qxf4 a6 14. O-O Ne5 15. Nxe5 dxe5 16. Qxe5 Bd6 17. Qh5 Bf4 18. g5 g6 19. Qh4 Bxg5 20. Qg3 Bh4 21. Qg2 Bf6 22. f4 Bd4+ 23. Kh1 Qh4 24. Kh2 Kh8 25. e5 g5 26. Ne2 gxf4 27. Nxd4 cxd4 28. Rg1 Qh6 29. Qf3 Bd7 30. Rae1 Rg8 31. e6 fxe6 32.
Qe4 Rg7 33. Rxg7 Qxg7 34. Rg1 exd5 35. Qxf4 Rf8 36. Rxg7 Rxf4 37. Rxh7+ Kg8 38. Rxd7 Rf3 39. Bh7+ Kh8 40. cxd5 d3 41. Kg2 Re3 42. Bxd3 Rxd3 43. b3 b5 44. d6 a5 45. Rd8+ Kg7 46. d7 a4 47. bxa4 bxa4 48. Kf2 a3 49. Ke2 Rd6 50. Ke3 Rd5 51. Ke4 Rd2 52. h4 Rd1 53. h5 Kh7 54. h6 Re1+ 55. Kd5 Rd1+ 56. Kc4 Rd2 57.
Kb3 Rd1 58. Kxa3 Rd3+ 59. Kb4 Rd4+ 60. Kc3 Rd6 61. a4 1-0

[Event "Live Chess"]
[Site "Chess.com"]
[Date "2024.06.02"]
[Round "-"]
[White "vincents82"]
[Black "booktrunk"]
[Result "0-1"]
[WhiteElo "2010"]
[BlackElo "1541"]
[TimeControl "300"]
[EndTime "23:21:10 PDT"]
[Termination "booktrunk won by resignation"]

1. e4 b6 2. d4 Bb7 3. Nc3 e6 4. Nf3 Bb4 5. Bd3 Bxc3+ 6. bxc3 Nf6 7.
Qe2 h6 8. Bd2 d6 9. e5 dxe5 10.
Nxe5 Nfd7 11. O-O Nxe5 12. dxe5 Nd7 13. Rad1 O-O 14. Qg4 f5 15. exf6 Rxf6 16. Bc4 Bd5 17. Bxd5 exd5 18. Be3 c6 19. Bd4 Rf7 20. Rfe1 Nf6 21.
Qe6 Qe8 22. Qf5 Ne4 23. f3 Rxf5 24. fxe4 dxe4 0-1

[Event "Live Chess"]
[Site "Chess.com"]
[Date "2024.06.02"]
[Round "-"]
[White "SavagePawn7"]
[Black "Crowded_House"]
[Result "0-1"]
[WhiteElo "641"]
[BlackElo "1690"]
[TimeControl "300"]
[EndTime "23:21:18 PDT"]
[Termination "Crowded_House won by resignation"]

1. e4 e6 2. d4 d5 3. c4 dxe4 4. d5 exd5 5. cxd5 Nf6 6. Nc3 Nbd7 7. Be3 Bb4 8. Bb5 O-O 9. Ne2 a6 10. Bc4 b5 11. Bb3 Nb6 12. O-O Bxc3 13. Nxc3 Bb7 14. Bxb6 cxb6 15. Re1 Re8 16. Re2 Qd6 17. Rc1 Rad8 18.
Rd2 e3 19. fxe3 Rxe3 20. Re2 Rxe2 21. Qxe2 h6 22. Rd1 Re8 23. Qf2 Ne4 24. Nxe4 Rxe4 25.
Bc2 Re5 26. Qg3 Kf8 27. Qd3 g6 28. Qd2 Kg7 29. Re1 Rxe1+ 30. Qxe1 Qxd5 0-1

[Event "Live Chess"]
[Site "Chess.com"]
[Date "2024.06.02"]
[Round "-"]
[White "KyryloPoluliakh"]
[Black "MaximKovalenko83"]
[Result "1-0"]
[WhiteElo "1536"]
[BlackElo "2175"]
[TimeControl "300"]
[EndTime "23:21:33 PDT"]
[Termination "KyryloPoluliakh won by resignation"]

1. c4 e5 2. Nc3 d6 3. g3 c5 4.
Bg2 Nc6 5. e3 f5 6. Nge2 Nf6 7. O-O Be7 8. d4 cxd4 9. exd4 e4 10. f3 exf3 11. Bxf3 O-O 12. b3 a5 13. Nf4 Qb6 14. Be3 Qd8 15. Bf2 Re8 16. Re1 Bf8 17. Rxe8 Qxe8 18. Ncd5 Nxd5 19. Nxd5 Qd8 20. Qc2 Nb4 21.
Qd2 Nxd5 22. Bxd5+ Kh8 23. Qf4 a4 24. b4 a3 25. Re1 Bd7 26. Bxb7 Rb8 27. Bd5 Rxb4 28. Re3 Rb1+ 29. Kg2 Qa5 30. Qf3 Qd2 31. Rxa3 Rb8 32. Ra7 Bc8 33. Rf7 Ba6 34. Qxf5 h6 35.
Rxf8+ Rxf8 36. Qxf8+ Kh7 37. Be4+ g6 38. Qf7+ Kh8 39.
Bxg6 1-0

[Event "Live Chess"]
[Site "Chess.com"]
[Date "2024.06.02"]
[Round "-"]
[White "bonantagulo"]
[Black "EPotapov05"]
[Result "1-0"]
[WhiteElo "2226"]
[BlackElo "1805"]
[TimeControl "300"]
[EndTime "23:21:38 PDT"]
[Termination "bonantagulo won on time"]

1. d4 d5 2. c4 dxc4 3. Nf3 Nf6 4. e3 e6 5. Bxc4 c5 6. O-O Nc6 7. Qe2 cxd4 8. Rd1 Be7 9. exd4 O-O 10. Nc3 a6 11. d5 exd5 12. Nxd5 Nxd5 13. Bxd5 Qc7 14.
Bxc6 bxc6 15. Bg5 Bd6 16. h3 Be6 17. Nd4 Bd5 18. Nf5 Bc5 19. Rac1 Qa7 20. Be7 Bxe7 21. Nxe7+ Kh8 22. Nxd5 cxd5 23. Rxd5 Rfe8 24. Qd2 Qb6 25. Rd6 Qb5 26. Rc7 Kg8 27. Rdd7 Rf8 28. Qd5 Qxd5 29.
Rxd5 Rab8 30. b3 Rb6 31. Rdd7 g6 32. Ra7 Kg7 33. h4 h5 34. g3 Rf6 35. Kg2 Rc8 36. Rd2 Rfc6 37. Rad7 Rc2 38. b4 Rxd2 39. Rxd2 Rc4 40.
Rd6 Rxb4 41. Rxa6 Rb2 42. Ra8 Rb4 43. a4 Rb3 44. a5 Ra3 45. a6 Kf6 46. Kf1 Ra2 47.
Kg2 Kg7 48. Kf3 Ra4 49. Ke3 Kf6 50. Kd3 Kg7 51. Kc3 Ra1 52. Kb4 Rb1+ 53. Kc5 Rc1+ 54. Kb6 Rb1+ 55. Ka7 Rb2 56. Rb8 Rxf2 57. Kb7 Ra2 58.
a7 f6 59. a8=Q Rxa8 60. Kxa8 g5 61. hxg5 fxg5 62. Rb6 1-0

[Event "Live Chess"]
[Site "Chess.com"]
[Date "2024.06.02"]
[Round "-"]
[White "ProfPoisson"]
[Black "Dhaydon19"]
[Result "0-1"]
[WhiteElo "1273"]
[BlackElo "2676"]
[TimeControl "300"]
[EndTime "23:21:50 PDT"]
[Termination "Dhaydon19 won by checkmate"]

1. e4 e6 2. d4 d5 3. e5 c5 4.
c3 Nc6 5. Nf3 Nge7 6. Bd3 cxd4 7. cxd4 Nf5 8. Bxf5 exf5 9. O-O Be6 10. Nc3 h6 11. Qb3 Qd7 12. a3 Be7 13. Na4 g5 14.
Nc5 Bxc5 15. dxc5 d4 16. Qd1 f4 17. b4 a6 18. Bb2 Rd8 19. h4 g4 20. Nh2 h5 21. Re1 Rg8 22. Re4 f3 23. gxf3 gxf3+ 24. Kh1 Bh3 25. Qxf3 Bg2+ 26. Qxg2 Rxg2 27. Kxg2 Qd5 28.
Re1 d3 29. e6 f5 30. e7 Rd7 31.
f3 fxe4 32. Rxe4 Qxe4 33. Nf1 Qe2+ 34. Kh3 Qxf3+ 35. Ng3 Rxe7 36. Bf6 Re3 37. Be5 Nxe5 38. b5 Qxg3# 0-1

[Event "Live Chess"]
[Site "Chess.com"]
[Date "2024.06.02"]
[Round "-"]
[White "MagnersCarlsberg2870"]
[Black "juniortay"]
[Result "0-1"]
[WhiteElo "1826"]
[BlackElo "2408"]
[TimeControl "300"]
[EndTime "23:22:47 PDT"]
[Termination "juniortay won by checkmate"]

1. d4 d5 2. Nf3 c5 3. e3 Nc6 4. Bd3 Nf6 5. c3 Bg4 6. h3 Bh5 7. g4 Bg6 8. Bxg6 h6 9. Bc2 e6 10. Ba4 Bd6 11. Ne5 O-O 12. Nxc6 bxc6 13. Bxc6 Rb8 14.
Ba4 Ne4 15. Bc2 f5 16. gxf5 exf5 17. Qh5 Qe7 18. Rg1 Rf6 19. Nd2 cxd4 20. cxd4 Bb4 21. Qe2 Bxd2+ 22. Bxd2 Rxb2 23. Bxe4 fxe4 24. Rc1 Qb7 25.
a3 Kh7 26. h4 Rf3 27. Rg3 Rf5 28. f3 Qf7 29. f4 Rf6 30. Qd1 Rfb6 31. Bb4 Rh2 32. Rg1 Rg6 33. Kf1 Qf6 34. Rc7 Qf5 35. Rxg6 Qh3+ 36. Kg1 Kxg6 37. h5+ Kh7 38. Qa4 Qg2# 0-1

[Event "Live Chess"]
[Site "Chess.com"]
[Date "2024.06.02"]
[Round "-"]
[White "Delacorta"]
[Black "JanMur7"]
[Result "0-1"]
[WhiteElo "1514"]
[BlackElo "2295"]
[TimeControl "300"]
[EndTime "23:23:12 PDT"]
[Termination "JanMur7 won by resignation"]

1. d4 Nf6 2. Nf3 e6 3. e3 d5 4. Bd3 c5 5. b3 b6 6. Bb2 Bb7 7. Nbd2 Nbd7 8. O-O Be7 9. Ne5 O-O 10. f4 Ne4 11.
Ndf3 f5 12. Nxd7 Qxd7 13. Ne5 Qc7 14. Rf3 Bf6 15. Rh3 Bxe5 16. fxe5 a5 17. a4 Ba6 18.
Ba3 Rf7 19. Rc1 cxd4 20. exd4 Qd7 21. Bxe4 fxe4 22. Bd6 Rf1+ 23. Qxf1 Bxf1 24. Kxf1 Rc8 25. c4 dxc4 26. bxc4 Qxa4 27. Rhc3 Qa2 28. c5 bxc5 29.
dxc5 Rc6 30. R3c2 Qa3 31. Rb1 Qd3+ 32. Kg1 Qxc2 33. Rb8+ Kf7 34. Rf8+ Kg6 0-1

[Event "Live Chess"]
[Site "Chess.com"]
[Date "2024.06.02"]
[Round "-"]
[White "RichardABates"]
[Black "booktrunk"]
[Result "1-0"]
[WhiteElo "2353"]
[BlackElo "1541"]
[TimeControl "300"]
[EndTime "23:24:05 PDT"]
[Termination "RichardABates won by resignation"]

1. d4 b6 2. e4 Bb7 3. Bd3 h6 4. Nf3 e6 5. O-O Nf6 6. Nbd2 c5 7. c3 cxd4 8. cxd4 Bb4 9. Qe2 Bxd2 10. Bxd2 Qe7 11.
e5 Nd5 12. a3 Nc6 13. Be4 Nc7 14. Bb4 Qd8 15. Bd6 Nb5 16. Qxb5 a6 17. Qe2 Rc8 18. Rac1 Na5 19. b4 Bxe4 20. Qxe4 Rxc1 21. Rxc1 Nb3 22. Rc3 Na1 23. Qb1 1-0

[Event "Live Chess"]
[Site "Chess.com"]
[Date "2024.06.02"]
[Round "-"]
[White "RockTroll"]
[Black "Crowded_House"]
[Result "1-0"]
[WhiteElo "2199"]
[BlackElo "1689"]
[TimeControl "300"]
[EndTime "23:24:27 PDT"]
[Termination "RockTroll won by resignation"]

1. Nf3 e6 2. g3 d5 3. Bg2 c5 4. O-O Nc6 5. d3 Nf6 6. Nbd2 Bd6 7. e4 dxe4 8. dxe4 Ne5 9. Nxe5 Bxe5 10. c3 O-O 11. f4 Bc7 12. e5 Nd5 13. Ne4 Rb8 14.
Qg4 Kh8 15. Qh5 Ne7 16. Ng5 h6 17. Nxf7+ Rxf7 18. Qxf7 b6 19. Be3 Bb7 20. Rad1 Qe8 21. Qxe8+ Rxe8 22. Bxb7 1-0

[Event "Live Chess"]
[Site "Chess.com"]
[Date "2024.06.02"]
[Round "-"]
[White "elephantgerrald"]
[Black "Bradfield133"]
[Result "0-1"]
[WhiteElo "806"]
[BlackElo "1884"]
[TimeControl "300"]
[EndTime "23:24:30 PDT"]
[Termination "Bradfield133 won by checkmate"]

1. e4 c5 2. Nf3 Nc6 3. Bb5 Qb6 4. Bxc6 Qxc6 5. O-O Qxe4 6. Nc3 Qc6 7. d3 d6 8. Bf4 e5 9. Re1 Be7 10. Bxe5 dxe5 11.
Nxe5 Qc7 12. Qh5 g6 13. Qf3 Be6 14. Nb5 Qb6 15. c4 Nf6 16. Red1 O-O 17. d4 a6 18.
dxc5 Qxc5 19. Nd7 Bxd7 20. Qxb7 axb5 21. cxb5 Qxb5 22. Qxb5 Bxb5 23. h3 Rfd8 24. Rxd8+ Rxd8 25. a4 Ra8 26. f3 Rxa4 27. Rxa4 Bxa4 28. Kf2 Bb5 29.
Ke3 Bc5+ 30. Kf4 Kg7 31. Kg5 Bf1 32. g4 Bxh3 33. b3 Bg2 34. f4 Bf2 35. b4 h6# 0-1

[Event "Live Chess"]
[Site "Chess.com"]
[Date "2024.06.02"]
[Round "-"]
[White "WilliamofOrange16th"]
[Black "nigelst"]
[Result "1-0"]
[WhiteElo "1982"]
[BlackElo "1731"]
[TimeControl "300"]
[EndTime "23:24:47 PDT"]
[Termination "WilliamofOrange16th won on time"]

1. e4 c6 2. d3 d5 3. Nc3 e5 4.
Nf3 Bg4 5. h3 Bxf3 6. Qxf3 d4 7.
Ne2 Qf6 8. Qg3 Bd6 9. f4 exf4 10. Bxf4 Bxf4 11. Nxf4 Nd7 12. Be2 Qe5 13. O-O Ne7 14. Bg4 Nf6 15. Be2 O-O 16. Qf3 Ng6 17. Nxg6 hxg6 18. g4 Rac8 19. Qg2 c5 20. g5 Nh5 21.
Bxh5 gxh5 22. h4 g6 23. Rf6 c4 24. Raf1 cxd3 25. cxd3 Rc6 26. Rxc6 bxc6 27. Qh2 Qe6 28.
b3 c5 29. Qg3 Qa6 30. Rf2 Qa3 31. Qf4 Qb4 32. Qd2 Qb6 33. Rf6 Qc7 34. Qf4 Qa5 35.
Qf2 Qc3 36. Qe2 Qa1+ 37. Kg2 Qc3 38. Ra6 Qc1 39. Rxa7 Qf4 40. Qf2 Qg4+ 41. Kh2 Qe6 42. Rc7 Qd6+ 43. Qg3 Qa6 44. Rxc5 Qxa2+ 45. Kh3 Qxb3 46. Rc7 Qd1 47. Rd7 Qh1+ 48. Qh2 Qf1+ 49. Qg2 Qxd3+ 50. Kh2 Qe3 51. Qg3 Qe2+ 52. Qg2 Qe3 53.
Ra7 Qf4+ 54. Kh1 1-0